 Dungeon Crawl Stone Soup version bcrawl-1.38.1 (webtiles) character file.

Game seed: 3246929434477018075

138567 Alturiack the Charmwright (level 3, 0/28 HPs)
             Began as a Barachi Skald on Apr 9, 2023.
             Slain by a jackal (2 damage)
             ... on level 2 of the Dungeon.
             The game lasted 00:04:37 (1083 turns).

Alturiack the Charmwright (Barachi Skald)           Turns: 1083, Time: 00:04:38

Health: 0/28       AC:  3    Str: 12    XL:     3   Next: 83%
Magic:  6/7        EV: 12    Int: 13    God:
Gold:   36         SH:  0    Dex: 12    Spells: 6/7 levels left

rFire    . . .     GDR:     25% a - +0 long sword
rCold    . . .     SeeInvis .   (no shield)
rNeg     . . .     Gourm    .   b - +0 leather armour
rPois    .         Faith    .   (no helmet)
rElec    .         Spirit   .   (no cloak)
rCorr    .         Reflect  .   (no gloves)
MR       .....                  (no boots)
Stlth    +.........             d - amulet of magic regeneration
HPRegen  0.14/turn              (no ring)
MPRegen  0.18/turn              (no ring)

@: slow
A: +LOS, swims, slowness 1, strong legs 1
a: Hop


You were on level 2 of the Dungeon.
You were hungry.

You visited 1 branch of the dungeon, and saw 2 of its levels.

You collected 36 gold pieces.

Inventory:

Hand Weapons
 a - a +0 long sword (weapon)
Armour
 b - a +0 leather armour (worn)
 n - a +0 robe
Jewellery
 d - an amulet of magic regeneration (around neck)
 m - an uncursed ring of fire
 p - an uncursed ring of protection from magic {unknown}
Scrolls
 c - a scroll of immolation {unknown}
 f - 2 scrolls of fear
 h - a scroll of teleportation {unknown}
 i - a scroll of remove curse {unknown}
 l - a scroll of fog {unknown}
Potions
 g - a potion of invisibility {unknown}
 j - a potion of curing {unknown}
 k - a potion of lignification {unknown}
Comestibles
 e - 4 rations {!d}


   Skills:
 + Level 2.8 Fighting
 * Level 3.1 Long Blades
 - Level 1.2 Armour
 * Level 2.8 Dodging
 * Level 2.6 Spellcasting
 * Level 3.7 Charms


You had 6 spell levels left.
You knew the following spells:

 Your Spells              Type           Power        Failure   Level  Hunger
a - Infusion              Chrm           ##......     6%          1    None

Your spell library contained the following spells:

 Spells                   Type           Power        Failure   Level  Hunger
 Song of Slaying          Chrm           ##......     10%         2    ##.....
 Swiftness                Chrm/Air       #.......     22%         2    ##.....
 Ozocubu's Armour         Chrm/Ice       #.......     38%         3    ####...
 Regeneration             Chrm/Necr      #.........   38%         3    ####...
 Spectral Weapon          Hex/Chrm       #.......     38%         3    ####...


Dungeon Overview and Level Annotations

Branches:
Dungeon (2/12)

Altars:


Innate Abilities, Weirdness & Mutations

You can see and be seen from farther away.
You can swim through water.
You cover ground slowly.
You can hop short distances.


Message History

* * * LOW HITPOINT WARNING * * *
The hobgoblin hits you but does no damage.
The jackal bites you.
* * * LOW HITPOINT WARNING * * *
The jackal barely misses you.
The jackal bites you but does no damage.
You barely miss the hobgoblin.
The hobgoblin is severely wounded.
The jackal bites you but does no damage.
The jackal misses you. The jackal bites you.
* * * LOW HITPOINT WARNING * * *
The hobgoblin barely misses you.
The jackal bites you but does no damage. x2
You hit the hobgoblin!
You kill the hobgoblin!
You are no longer magically infusing your attacks.
The jackal barely misses you. x2
The jackal bites you but does no damage.
The jackal misses you. The jackal bites you.
You die...

#........###.########.#..#
#........###.########.#[.#
..........................
.........#............#..#
.........#............#..#
.........#................
.........#............#..#
........†)............#...
....#.h@............#..# .
#.hhh...........#...
#........##.####..#...
....#..).......# #..#..#
#.?.......#.##.## #..#..#
####.#....#%# # #..#..#
........... ##..#..#
###.#....#### #.......
#.#....# #..#...


You could see 4 jackals.

Vanquished Creatures
  3 oozes
  2 worms (D:2)
  4 leopard geckos (D:1)
  An orc (D:2)
  2 giant cockroaches (D:2)
  4 goblins
  A hobgoblin (D:2)
  3 jackals (D:1)
  A quokka (D:2)
  2 bats
  2 kobolds (D:2)
  4 rats
29 creatures vanquished.

Notes
Turn   | Place    | Note
-------+----------+-------------------------------------------
     0 | D:1      | Alturiack the Barachi Skald began the quest for the Orb.
     0 | D:1      | Reached XP level 1. HP: 17/17 MP: 3/3
    25 | D:1      | Reached XP level 2. HP: 23/23 MP: 5/5
   447 | D:1      | Reached XP level 3. HP: 25/28 MP: 6/6
  1083 | D:2      | Slain by a jackal

Skill      XL: |  1  2  3 |
---------------+----------+-----
Long Blades    | 3 |  3.1
Fighting       | |  2.8
Armour         | |  1.2
Dodging        | |  2.8
Spellcasting   | |  2.6
Charms         | |  3.7

Action                   || total
-------------------------++-------
Melee: Long sword        ||   115
 Cast: Infusion          ||     5
  Use: Scroll            ||     1
  Eat: Chunk             ||     4
Armor: Leather armour    ||    52
Dodge: Dodged            ||   119
